 Dungeon Crawl Stone Soup version 0.28.0-53-g5a82cb258f (webtiles) character file.

Game seed: 13077690089792951947

108 Descartes the Grasshopper (level 4, 0/44 HPs)
             Began as a Troll Warper on June 8, 2022.
             Slain by Grinder (5 damage)
             ... while paralysed by Grinder
             ... on level 3 of the Dungeon.
             The game lasted 00:03:15 (1707 turns).

Descartes the Grasshopper (Troll Warper)            Turns: 1707, Time: 00:03:16

Health: 0/44       AC:  4    Str: 19    XL:     4   Next: 58%
Magic:  4/4        EV:  1    Int: 11    God:
Gold:   151        SH:  0    Dex:  9    Spells: 5/5 levels left

rFire   . . .      SeeInvis .   a - +0 mace
rCold   . . .      Faith    .   (no shield)
rNeg    . . .      Spirit   .   b - +0 robe
rPois   .          Reflect  .   (helmet restricted)
rElec   .          Harm     .   (no cloak)
rCorr   .          Rampage  .   (gloves unavailable)
Will    .....                   (boots unavailable)
Stlth   +.........              (no amulet)
HPRegen 0.94/turn               e - +4 ring of evasion
MPRegen 0.09/turn               (no ring)

@: paralysed
A: large, unfitting armour, claws 3, regeneration 1, shaggy fur 1, tough skin 1
a: no special abilities


You were on level 3 of the Dungeon.
You visited 1 branch of the dungeon, and saw 3 of its levels.

You collected 151 gold pieces.

Inventory:

Hand Weapons
 a - a +0 mace (weapon)
Missiles
 d - 5 boomerangs of dispersal (quivered)
Armour
 b - a +0 robe (worn)
Jewellery
 e - a +4 ring of evasion (left claw)
Scrolls
 c - a scroll of blinking
 f - a scroll of enchant weapon {unknown}
 h - a scroll of teleportation
 j - a scroll of amnesia {unknown}
 l - a scroll of brand weapon
 m - a scroll of enchant armour {unknown}
Potions
 g - a potion of lignification {unknown}
 i - a potion of curing
 k - a potion of attraction {unknown}


   Skills:
 + Level 2.6 Fighting
 + Level 2.8 Maces & Flails
 + Level 0.9 Throwing
 - Level 1.9 Dodging
 - Level 1.2 Spellcasting
 + Level 2.9 Translocations


You had 5 spell levels left.
You didn't know any spells.
Your spell library contained the following spells:

 Spells                   Type           Power      Damage    Failure   Level
 Blink                    Tloc           14%        N/A       14%         2
 Gell's Gravitas          Tloc           7%         N/A       28%         3
 Lesser Beckoning         Tloc           7%         N/A       28%         3
 Teleport Other           Tloc           7%         N/A       28%         3
 Manifold Assault         Tloc           7%         N/A       95%         5


Dungeon Overview and Level Annotations

Branches:
Dungeon (3/15)

Altars:

Annotations:
D:3 Grinder


Innate Abilities, Weirdness & Mutations

You are too large for most types of armour.
You have claws for hands.
Your natural rate of healing is unusually fast.
You are covered in fur. (AC +1)
You have tough skin. (AC +1)


Message History

Pain shoots through your body! Grinder hits you.
You writhe in agony.
You hit Grinder but do no damage.
Grinder is heavily wounded.
Grinder gestures at you.
You suddenly lose the ability to move!
Grinder hits you.
You writhe in agony.
Grinder hits you but does no damage.
You can move again.
You hit Grinder.
Grinder is heavily wounded.
Grinder gestures at you.
You shrug off the repeated paralysis!
You hit Grinder.
Grinder is heavily wounded.
Grinder says, "DUCK!"
Grinder barely misses you.
You hit Grinder but do no damage.
Grinder is heavily wounded.
Grinder blinks!
Grinder gestures at you. Pain shoots through your body!
There is an open door, spattered with blood here.
You closely miss Grinder.
Grinder is heavily wounded.
Grinder barely misses you.
You hit Grinder.
Grinder is severely wounded.
Grinder says, "Mostly I couldn't keep them alive."
Grinder gestures at you.
You suddenly lose the ability to move!
Grinder hits you!
* * * LOW HITPOINT WARNING * * *
You writhe in agony.
* * * LOW HITPOINT WARNING * * *
Grinder says, "Tell me all your secrets, or I'll kill you."
Grinder barely misses you. Grinder hits you.
* * * LOW HITPOINT WARNING * * *
You writhe in agony.
You die...

#.....#
#.....#
#.....#
#.....#
#.....#
#.....#
#.....#
###'###
##@.#
#5#......#
#.#.#..#.#
.........#
#####.#....
.# .## ..
.. #.


You could see Grinder.

Vanquished Creatures
  An orc wizard (D:2)
  3 adders (D:2)
  2 dart slugs
  2 orcs (D:2)
  3 endoplasms
  5 goblins
  8 hobgoblins
  A quokka (D:2)
  4 ball pythons (D:2)
  9 bats
  5 frilled lizards
  2 kobolds
  5 rats
50 creatures vanquished.

Notes
Turn   | Place    | Note
-------+----------+-------------------------------------------
     0 | D:1      | Descartes the Troll Warper began the quest for the Orb.
     0 | D:1      | Reached XP level 1. HP: 19/19 MP: 1/1
    75 | D:1      | Reached XP level 2. HP: 28/28 MP: 2/2
   761 | D:2      | Reached XP level 3. HP: 35/35 MP: 3/3
  1300 | D:2      | Reached XP level 4. HP: 44/44 MP: 4/4
  1645 | D:3      | Noticed Grinder
  1657 | D:3      | Paralysed by Grinder for 6 turns
  1695 | D:3      | Paralysed by Grinder for 3 turns
  1704 | D:3      | Paralysed by Grinder for 5 turns
  1707 | D:3      | Slain by Grinder

Illustrated notes

Levels and vault maps discovered:
D:1:      minmay_arrival_plants_in_alcoves, layout_basic, serial_corexii_hall,
          corexii_hall_statues_x, corexii_hall_statues_i,
          chequers_hall_statues_corner_a, corexii_hall_statues_u
D:2:      minmay_razor_zed, layout_basic
D:3:      layout_basic, portal_sewer_entry_d, uniq_grinder, uniq_natasha

Skill      XL: |  1  2 |
---------------+-------+-----
Maces & Flails | 2 |  2.8
Fighting       | 2 |  2.6
Throwing       | |  0.9
Dodging        | |  1.9
Spellcasting   | |  1.2
Translocations | |  2.9

Action                   |  1- 3 |  4- 6 || total
-------------------------+-------+-------++-------
Melee: Mace              |   128 |    65 ||   193
       Punch             |     3 |     1 ||     4
  Use: Scroll            |       |     2 ||     2
       Potion            |       |     1 ||     1
Armor: Robe              |    55 |    23 ||    78
Dodge: Dodged            |   131 |    38 ||   169
